 Dungeon Crawl Stone Soup version 0.21.0-22-g11d5b52 (webtiles) character file.

45656 vatarom the Fighter (level 14, -3/133 HPs)
             Began as a Hill Orc Fighter on Jan 18, 2018.
             Was a High Priest of Beogh.
             Succumbed to a redback's poison
             ... on level 6 of the Lair of Beasts.
             The game lasted 00:35:38 (16157 turns).

vatarom the Fighter (Hill Orc Fighter)             Turns: 16157, Time: 00:35:39

Health: -3/133     AC: 17    Str: 20    XL:     14   Next: 34%
Magic:  17/21      EV: 10    Int: 11    God:    Beogh [*****.]
Gold:   1365       SH: 13    Dex: 16    Spells: 13/13 levels left

rFire    + . .     SeeInvis .   y - +3 war axe (chop)
rCold    + . .     Gourm    .   c - +0 shield
rNeg     . . .     Faith    .   q - +3 ring mail
rPois    +         Spirit   +   I - +1 hat {Int+3}
rElec    +         Reflect  .   s - scarf {Spirit}
rCorr    +         Harm     .   p - +1 pair of gloves
MR       ++...                  e - +2 pair of boots
Stlth    +.........             V - amulet of regeneration
HPRegen  0.72/turn              h - +4 ring of slaying
MPRegen  0.17/turn              H - +2 ring of dexterity

@: lethally poisoned (-3 -> -39), resistant, berserk cooldown, slowed, very slow
A: walk on water, hooves 1, magic resistance 1
a: Smiting, Recall Orcish Followers, Give Item to Named Follower, Renounce
Religion


You were on level 6 of the Lair of Beasts.
You worshipped Beogh.
Beogh was extremely pleased with you.
You were very full.

You visited 3 branches of the dungeon, and saw 18 of its levels.
You also visited: Labyrinth and Ossuary.

You collected 1365 gold pieces.

Inventory:

Hand Weapons
 d - the +8 whip of Fate {vamp, *Noise Dex+5}
   (You found it in a labyrinth)

   It inflicts no extra harm, but heals its wielder when it wounds a living foe.
   It affects your dexterity (+5).
   It may make noises in combat.
 y - a +3 war axe of chopping (weapon)
 S - a +0 morningstar of protection
Missiles
 u - 15 tomahawks (quivered)
 C - 7 throwing nets
Armour
 c - a +0 shield (worn)
 e - a +2 pair of boots (worn)
 p - a +1 pair of gloves (worn)
 q - a +3 ring mail (worn)
 s - a scarf of spirit shield (worn)
 I - a +1 hat of intelligence (worn)
Jewellery
 b - an uncursed ring of wizardry
 h - a +4 ring of slaying (left hand)
 H - a +2 ring of dexterity (right hand)
 V - an amulet of regeneration (around neck)
Wands
 z - a wand of enslavement (69)
 G - a wand of random effects (23)
 J - a wand of scattershot (7)
 N - a wand of acid (20)
 O - a wand of disintegration (42)
 W - a wand of paralysis (28)
Scrolls
 a - 2 scrolls of fog
 i - 12 scrolls of remove curse
 j - a scroll of enchant armour
 k - 4 scrolls of enchant weapon
 l - 2 scrolls of random uselessness
 n - 5 scrolls of magic mapping
 w - a scroll of fear
 A - 8 scrolls of teleportation
 B - 3 scrolls of blinking
 M - a scroll of summoning
 R - 2 scrolls of immolation
 Y - a scroll of holy word
Potions
 g - 2 potions of cancellation
 o - 2 potions of resistance
 r - 2 potions of brilliance
 t - 4 potions of agility
 E - a potion of flight {unknown}
 F - a potion of experience {unknown}
 Q - 2 potions of berserk rage
Books
 v - a book of Necromancy

   Spells                             Type                      Level
   a - Pain                           Necromancy                   1
   b - Animate Skeleton               Necromancy                   1
   c - Vampiric Draining              Necromancy                   3
   d - Regeneration                   Charms/Necromancy            3
   e - Animate Dead                   Necromancy                   4
   f - Borgnjor's Vile Clutch         Necromancy/Earth             5
 D - a book of Frost

   Spells                             Type                      Level
   a - Freeze                         Ice                          1
   b - Throw Frost                    Conjuration/Ice              2
   c - Ozocubu's Armour               Charms/Ice                   3
   d - Throw Icicle                   Conjuration/Ice              4
   e - Summon Ice Beast               Ice/Summoning                4
 K - a Young Poisoner's Handbook

   Spells                             Type                      Level
   a - Sting                          Conjuration/Poison           1
   b - Poisonous Vapours              Poison/Air                   2
   c - Mephitic Cloud                 Conjuration/Poison/Air       3
   d - Olgreb's Toxic Radiance        Poison                       4
   e - Venom Bolt                     Conjuration/Poison           5
 P - a book of the Sky

   Spells                             Type                      Level
   a - Summon Lightning Spire         Summoning/Air                4
   b - Silence                        Hexes/Air                    5
   c - Deflect Missiles               Charms/Air                   6
   d - Conjure Ball Lightning         Conjuration/Air              6
   e - Tornado                        Air                          9
 T - a book of Callings

   Spells                             Type                      Level
   a - Summon Small Mammal            Summoning                    1
   b - Call Imp                       Summoning                    2
   c - Call Canine Familiar           Summoning                    3
   d - Summon Guardian Golem          Hexes/Summoning              3
   e - Summon Lightning Spire         Summoning/Air                4
   f - Summon Ice Beast               Ice/Summoning                4
 Z - a book of Alchemy

   Spells                             Type                      Level
   a - Sublimation of Blood           Necromancy                   2
   b - Ignite Poison                  Fire/Transmutation/Poison    3
   c - Petrify                        Transmutation/Earth          4
   d - Alistair's Intoxication        Transmutation/Poison         5
   e - Irradiate                      Conjuration/Transmutation    5
Comestibles
 f - 27 rations
 L - 3 chunks of flesh


   Skills:
 * Level 14.3 Fighting
 + Level 13.7 Axes
 * Level 7.0 Throwing
 + Level 12.2 Armour
 + Level 12.2 Shields
 + Level 9.8 Invocations


You had 13 spell levels left.
You didn't know any spells.

Dungeon Overview and Level Annotations

Branches:
Dungeon (11/15)            Temple (1/1) D:5            Lair (6/6) D:11
 Shoals (0/4) Lair:2        Snake (0/4) Lair:3          Orc (0/2) D:11
  Slime: Lair:5-6

Altars:
Ashenzari
Cheibriados
Dithmenos
Elyvilon
Fedhas
Gozag
Hepliaklqana
Kikubaaqudgha
Makhleb
Nemelex Xobeh
Okawaru
Qazlal
Ru
Sif Muna
Trog
Uskayaw
Vehumet
Wu Jian
Xom
Yredelemnul
Zin
The Shining One

Shops:
D:7 (   D:9 *

Annotations:
D:8 2 runed doors, exclusion: orange crystal statue
Lair:5 exclusion: oklob plant


Innate Abilities, Weirdness & Mutations

You can walk on water.
You have large cloven feet.
You are resistant to hostile enchantments. (MR+)


Message History

You feel very sick.
Unknown command.
You feel a strong urge to attack something.
* * * LOW HITPOINT WARNING * * *
You feel very sick.
Things that are here:
the cursed +0 lajatang "Fuavvy Meotz" {venom, rElec rF- Str+4 Int+7 SInv} a +1 leather armour; the orc corpse of Orkrul You are too berserk!
There is a lethal amount of poison in your body!
There is a lethal amount of poison in your body!
There is a lethal amount of poison in your body!
There is a lethal amount of poison in your body!
You are no longer berserk.
You are exhausted.
You feel as though you will be slow longer.
* * * LOW HITPOINT WARNING * * *
You feel very sick.
You feel protected.
You die...

...###....##..#### #....###†...
.....###...##..# ..(###.P<...
#...P..###....##### ###........
##.......###......## #....P.....
#.#........##..P...# ........"..
#####......##...P..# .....#.....
##P#P....#####....## #......#...
.......### ##..## ###........
.....### #.@# ###...... †.†###.l
#†.# ###...< ..†#.... #..# .#....
........# #....# ..P....
†......## #....# .......
......##....#......# #.......
....P##....##.$![$.# ##P.#...
.....##....#.$$)?.$.#.[..##.##...
.#..##.....##?####$##.PP.P.# #P..


There were no monsters in sight!

Vanquished Creatures
  A minotaur (Lab)
  3 hydras
  2 two-headed ogres (D:9)
  5 death yaks
  A cyclops (D:11)
  A manticore (Lair:2)
  5 black mambas
  A guardian serpent (Lair:6)
  5 spiny frogs
  The ghost of troglodite the Charmwright, a novice OpSk of Gozag (D:5)
  2 rime drakes (D:11)
  2 komodo dragons
  A troll (D:10)
  A hornet (D:8)
  3 dream sheep (Lair:6)
  A blink frog (Lair:4)
  A minotaur skeleton (Lab)
  8 hippogriffs
  3 shadows
  A redback (Lair:6)
  A wraith (D:9)
  4 wyverns
  Eustachio (D:5)
  25 yaks
  A fire elemental (Lair:2)
  A basilisk (Lair:2)
  A warg (Lair:6)
  Duvessa (D:7)
  3 porcupines
  13 water moccasins
  3 orc warriors
  A hornet zombie (D:5)
  3 slaves (D:9)
  A black bear (D:9)
  2 sky beasts
  3 ice beasts
  7 ogres
  4 centaurs
  9 crocodiles
  6 wolves
  A big kobold (D:11)
  6 bullfrogs
  A gnoll sergeant (D:7)
  Dowan (D:7)
  2 scorpions
  10 wights
  3 electric eels
  3 howler monkeys
  7 crimson imps
  A quasit (D:10)
  A centaur zombie (D:10)
  4 hounds
  A bullfrog zombie (D:6)
  A centaur skeleton (D:3)
  2 orc priests
  2 bullfrog skeletons
  9 orc wizards
  Natasha (twice) (D:2)
  4 iguanas
  2 hell rats (Lair:3)
  11 worker ants
  5 big kobold zombies (Ossuary)
  An ogre skeleton (Lab)
  A hound skeleton (D:6)
  A mummy (Ossuary)
  A howler monkey zombie (D:11)
  A worker ant zombie (D:8)
  11 gnolls
  14 adders
  4 river rats (Lair:3)
  3 shadow imps
  3 oozes
  3 worms
  3 dart slugs
  8 leopard geckos
  31 orcs
  2 spectral bats (Ossuary)
  2 ball pythons
  4 giant cockroaches
  4 gnoll zombies (Ossuary)
  5 goblins
  10 hobgoblins
  4 jackals (D:3)
  2 quokkas (D:7)
  11 bats
  5 bat simulacra (Ossuary)
  6 frilled lizards
  A goblin simulacrum (Ossuary)
  8 goblin zombies (Ossuary)
  3 hobgoblin zombies (Ossuary)
  7 kobolds
  4 kobold simulacra (Ossuary)
  A kobold zombie (Ossuary)
  A leopard gecko skeleton (D:5)
  4 orc zombies (Ossuary)
  A quokka skeleton (D:7)
  18 rats
  2 rat simulacra (Ossuary)
  3 spectral goblins (Ossuary)
  5 spectral kobolds (Ossuary)
  6 spectral rats (Ossuary)
  2 fungi
  2 plants (Lair:6)
425 creatures vanquished.

Vanquished Creatures (collateral kills)
  Gastronok (D:9)
  A dire elephant (Lair:6)
  Harold (Lair:2)
  5 death yaks
  Pikel (D:9)
  A wolf spider (Lair:6)
  A cyclops (D:11)
  7 black mambas
  9 spiny frogs
  5 elephants (Lair:6)
  A gargoyle (D:10)
  2 rime drakes
  3 komodo dragons
  5 hornets
  5 blink frogs
  3 dream sheep (Lair:6)
  6 hippogriffs
  4 wyverns (Lair:6)
  27 yaks
  Grum (D:8)
  3 fire bats (Lair:2)
  3 basilisks
  A hungry ghost (D:11)
  A soldier ant (D:8)
  11 water moccasins
  3 porcupines
  3 orc warriors
  A hornet zombie (D:8)
  An ice beast (D:11)
  A black bear (D:8)
  A phantom (D:9)
  8 wolves
  10 crocodiles
  3 bullfrogs
  A gnoll sergeant (D:8)
  2 scorpions (D:11)
  4 wights
  2 electric eels
  A howler monkey (D:10)
  A centaur zombie (D:10)
  An orc priest (D:7)
  2 orc wizards (D:7)
  2 worker ants
  A hell rat (Lair:3)
  A big kobold zombie (Ossuary)
  4 gnolls
  3 adders (D:10)
  A leopard gecko (D:11)
  An orc (D:11)
  A gnoll zombie (Ossuary)
  4 kobolds (D:11)
  16 fungi
  6 plants
193 creatures vanquished.

Vanquished Creatures (others)
  An orc sorcerer (Lair:6)
  An orc high priest (Lair:6)
  4 orc knights
  Prince Ribbit (D:5)
  3 orc warriors
  21 orcs
  7 orc wizards
  3 orc priests
  A gnoll zombie (Ossuary)
  A goblin zombie (Ossuary)
  An orc zombie (Ossuary)
  11 fungi
  18 plants
73 creatures vanquished.

Grand Total: 691 creatures vanquished

Notes
Turn   | Place    | Note
-------+----------+-------------------------------------------
     0 | D:1      | vatarom the Hill Orc Fighter began the quest for the Orb.
     0 | D:1      | Reached XP level 1. HP: 19/19 MP: 1/1
    87 | D:1      | Reached XP level 2. HP: 23/27 MP: 2/2
   299 | D:1      | Reached XP level 3. HP: 31/33 MP: 3/3
   575 | D:1      | Reached skill level 4 in Fighting
  1081 | D:2      | Reached XP level 4. HP: 40/40 MP: 4/4
  1341 | D:2      | Noticed Natasha
  1351 | D:2      | Killed Natasha
  1728 | D:2      | Noticed Natasha
  1735 | D:2      | Killed Natasha
  1735 | D:2      | Reached XP level 5. HP: 37/47 MP: 5/5
  1912 | D:3      | Reached skill level 5 in Axes
  2135 | D:3      | Reached XP level 6. HP: 45/53 MP: 6/6
  2610 | D:3      | Became a worshipper of Beogh the Brigand
  2981 | D:4      | Reached skill level 5 in Fighting
  3178 | D:4      | Found a sacrificial altar of Ru.
  3189 | D:4      | Reached XP level 7. HP: 56/61 MP: 7/7
  3497 | D:5      | Entered Level 5 of the Dungeon
  3547 | D:5      | Reached skill level 5 in Armour
  3547 | D:5      | Reached skill level 5 in Shields
  3596 | D:5      | Reached * piety under Beogh
  3869 | D:5      | Noticed troglodite's ghost (novice OpSk)
  3887 | D:5      | Killed troglodite's ghost
  3887 | D:5      | Reached skill level 6 in Fighting
  3887 | D:5      | Reached XP level 8. HP: 52/70 MP: 8/8
  3976 | D:5      | Found a snail-covered altar of Cheibriados.
  3980 | D:5      | Found an ancient bone altar of Kikubaaqudgha.
  4027 | D:5      | Killed Prince Ribbit
  4180 | D:5      | Noticed Eustachio
  4200 | D:5      | Killed Eustachio
  4323 | D:5      | Found an iron altar of Okawaru.
  4323 | D:5      | Found a stormy altar of Qazlal.
  4430 | D:5      | Found a staircase to the Ecumenical Temple.
  4454 | Temple   | Entered the Ecumenical Temple
  4598 | D:6      | Reached ** piety under Beogh
  4635 | D:6      | Found a glowing golden altar of the Shining One.
  4720 | D:6      | Reached XP level 9. HP: 78/78 MP: 9/9
  4814 | D:6      | Reached skill level 7 in Fighting
  4884 | D:6      | Reached skill level 10 in Axes
  5165 | D:7      | Noticed Duvessa
  5166 | D:7      | Noticed Dowan
  5178 | D:7      | Killed Dowan
  5183 | D:7      | Killed Duvessa
  5286 | D:7      | Found Hishyara's Antique Weapon Shop.
  5480 | D:7      | Reached *** piety under Beogh
  5576 | D:7      | Reached skill level 8 in Fighting
  5649 | D:7      | Reached skill level 1 in Invocations
  5823 | D:8      | Noticed Grum
  5837 | D:8      | Killed Grum
  5842 | D:8      | Reached XP level 10. HP: 33/90 MP: 5/11
  5935 | D:8      | Found a sand-covered staircase.
  5974 | Ossuary  | Entered an ossuary
  6168 | Ossuary  | Reached **** piety under Beogh
  6874 | D:8      | Noticed an orange crystal statue
  6890 | D:8      | Found a runed door.
  6938 | D:8      | Found a runed door.
  6953 | D:8      | Found the +10 large shield of Ignorance {rN+ Int-4}
  7245 | D:8      | Reached skill level 9 in Fighting
  7390 | D:8      | Paralysed by a hornet for 2 turns
  7976 | D:9      | Noticed a two-headed ogre
  7985 | D:9      | Killed a two-headed ogre
  8018 | D:9      | Noticed Gastronok
  8031 | D:9      | Killed Gastronok
  8031 | D:9      | Reached skill level 10 in Fighting
  8031 | D:9      | Reached XP level 11. HP: 75/99 MP: 10/14
  8126 | D:9      | Noticed Pikel
  8135 | D:9      | Gained Brandogh as an ally
  8136 | D:9      | Reached ***** piety under Beogh
  8138 | D:9      | Killed Pikel
  8297 | D:9      | Noticed a two-headed ogre
  8302 | D:9      | Killed a two-headed ogre
  8302 | D:9      | Reached skill level 5 in Invocations
  8392 | D:9      | Found an opulent altar of Gozag.
  8395 | D:9      | Found Gozag's Platinum Reserve.
  8806 | D:10     | Entered Level 10 of the Dungeon
  8980 | D:10     | Gained Olfrun as an ally
  9050 | D:10     | Gained Morbeogh as an ally
  9338 | D:10     | Reached skill level 10 in Armour
  9514 | D:11     | Reached skill level 10 in Shields
  9595 | D:11     | Noticed a cyclops
  9604 | D:11     | Killed a cyclops
  9684 | D:11     | Your ally Morbeogh died
  9751 | D:11     | Gained Wulfoc as an ally
  9759 | D:11     | Reached skill level 11 in Fighting
  9824 | D:11     | Found a frozen archway.
 10083 | D:11     | Found a staircase to the Lair.
 10144 | D:11     | Found a staircase to the Orcish Mines.
 10151 | D:11     | Got a crude falchion
 10160 | D:11     | Identified the +8 falchion of Red Wine {holy, *Contam +Inv rC++ MP+9} (You found it on level 11 of the Dungeon)
 10192 | D:11     | Gained mutation: You occasionally shout uncontrollably at your foes. [mutagenic glow]
 10426 | D:11     | Noticed a cyclops
 10432 | D:11     | Killed a cyclops
 10594 | Lair:1   | Entered Level 1 of the Lair of Beasts
 10679 | Lair:1   | Reached XP level 12. HP: 109/110 MP: 14/16
 10686 | Lair:1   | Your ally Olfrun died
 11386 | Lair:2   | Gained Warbeogh as an ally
 11386 | Lair:2   | Reached skill level 1 in Throwing
 11395 | Lair:2   | Reached ****** piety under Beogh
 11396 | Lair:2   | Reached skill level 12 in Fighting
 11397 | Lair:2   | Noticed Harold
 11401 | Lair:2   | Noticed a death yak
 11406 | Lair:2   | Noticed a death yak
 11408 | Lair:2   | Noticed a death yak
 11408 | Lair:2   | Noticed a death yak
 11410 | Lair:2   | Noticed a death yak
 11411 | Lair:2   | Killed Harold
 11413 | Lair:2   | Killed a death yak
 11417 | Lair:2   | Killed a death yak
 11420 | Lair:2   | Killed a death yak
 11427 | Lair:2   | Killed a death yak
 11429 | Lair:2   | Killed a death yak
 11594 | Lair:2   | Found a labyrinth entrance.
 11619 | Lab      | Entered a labyrinth
 11875 | Lab      | Noticed a minotaur
 11891 | Lab      | Killed a minotaur
 12042 | Lab      | Got an iridescent whip
 12042 | Lab      | Got a slimy lajatang
 12158 | Lair:2   | Identified the cursed +0 lajatang "Fuavvy Meotz" {venom, rElec rF- Str+4 Int+7 SInv} (You found it in a labyrinth)
 12186 | Lair:2   | Reached XP level 13. HP: 52/119 MP: 10/18
 12348 | Lair:2   | Identified the +8 whip of Fate {vamp, *Noise Dex+5} (You found it in a labyrinth)
 12534 | Lair:2   | Found a staircase to the Shoals.
 12703 | Lair:2   | Reached skill level 13 in Fighting
 12913 | Lair:3   | Found a staircase to the Snake Pit.
 12947 | Lair:3   | Gained Orkrul as an ally
 13297 | Lair:3   | Found an ancient bone altar of Kikubaaqudgha.
 13809 | Lair:4   | Reached skill level 5 in Throwing
 15134 | Lair:6   | Entered Level 6 of the Lair of Beasts
 15145 | Lair:6   | Your ally Orkrul died
 15155 | Lair:6   | Your ally Brandogh died
 15171 | Lair:6   | Your ally Warbeogh died
 15182 | Lair:6   | Your ally Wulfoc died
 15437 | Lair:5   | Reached XP level 14. HP: 21/130 MP: 4/21
 15534 | Lair:5   | Lost mutation: You occasionally shout uncontrollably at your foes. [potion of mutation]
 15534 | Lair:5   | Gained mutation: You are resistant to hostile enchantments. (MR+) [potion of mutation]
 15534 | Lair:5   | Gained mutation: You have large cloven feet. [potion of mutation]
 15699 | Lair:6   | Reached skill level 14 in Fighting
 15887 | Lair:6   | Noticed a dire elephant
 15896 | Lair:6   | Killed a dire elephant
 16143 | Lair:6   | Your ally Orkrul died
 16155 | Lair:6   | HP: 9/199 [poisoned by a redback]
 16156 | Lair:6   | HP: 3/133 [poisoned by a redback]
 16157 | Lair:6   | Succumbed to a redback's poison

Skill      XL: |  1  2  3  4  5  6  7  8  9 10 11 12 13 14 |
---------------+-------------------------------------------+-----
Axes           | 3 4 5 6 8 9 10 11 12 13 | 13.7
Fighting       | 4 5 6 8 10 11 12 13 14 | 14.3
Armour         | 4 5 6 7 9 10 11 12 | 12.2
Shields        | 4 5 6 7 9 10 11 12 | 12.2
Invocations    | 1 4 6 7 9 |  9.8
Throwing       | 3 6 7 |  7.0

Action                   |  1- 3 |  4- 6 |  7- 9 | 10-12 | 13-15 || total
-------------------------+-------+-------+-------+-------+-------++-------
Melee: War axe           |    98 |   200 |   270 |   542 |   382 ||  1492
Invok: Convert to Beogh  |       |     1 |       |       |       ||     1
       Recall Orcish Fol |       |       |       |    18 |    14 ||    32
       Give Item to Name |       |       |       |     2 |     3 ||     5
       Smiting           |       |       |       |       |    10 ||    10
       Resurrection      |       |       |       |       |     1 ||     1
Evoke: Wand              |       |       |     1 |       |     6 ||     7
  Use: Scroll            |     4 |     6 |     4 |    14 |     7 ||    35
       Potion            |       |       |     3 |     3 |    12 ||    18
 Stab: Paralysed         |       |     1 |       |       |     2 ||     3
       Distracted        |       |       |       |    12 |     8 ||    20
       Confused          |       |       |       |     1 |       ||     1
  Eat: Chunk             |     1 |     5 |     4 |     7 |     1 ||    18
       Ration            |       |     1 |     1 |     6 |     5 ||    13
Armor: Scale mail        |    53 |    49 |       |       |       ||   102
       Ring mail         |       |    35 |   110 |   194 |   135 ||   474
       Skin              |       |       |    17 |     6 |       ||    23
Dodge: Dodged            |    31 |    58 |    79 |   143 |   129 ||   440
Block: Shield            |    41 |   112 |   145 |   268 |   218 ||   784
